2753 views
Uploaded 2020-01-12 16:59:53
Game version 1.32.0.5
18:38 long 3on3 ladder game on (6)GnollWood
Saved by BEARAND
2753 views
Uploaded 2020-01-12 16:59:53
Game version 1.32.0.5
18:38 long 3on3 ladder game on (6)GnollWood


108 units @ 14.3k
/ 2.8k
41 buildings @ 6k
/ 2.3k


| Wisp | 18 | 1080 | / | 0 |
| Archer | 15 | 1950 | / | 150 |
| Dryad | 5 | 725 | / | 300 |
| Druid of the Claw | 1 | 255 | / | 80 |
| Mountain Giant | 4 | 1400 | / | 400 |
| total: | 43 | 5410g | / | 930w |
| Altar of Elders | 1 | 180 | / | 50 |
| Moon Well | 5 | 900 | / | 200 |
| Ancient of War | 1 | 150 | / | 60 |
| Hunter's Hall | 1 | 210 | / | 100 |
| Tree of Life | 1 | 340 | / | 185 |
| Ancient of Wonders | 1 | 90 | / | 30 |
| Ancient of Lore | 2 | 310 | / | 290 |
| Tree of Ages | 1 | 320 | / | 180 |
| Tree of Eternity | 1 | 330 | / | 200 |
| total: | 12 | 2180g | / | 915w |
| 0:06 | Wisp |
| 0:10 | Altar of Elders |
| 0:18 | Wisp |
| 0:25 | Moon Well |
| 0:34 | Wisp |
| 0:47 | Ancient of War |
| 0:48 | Wisp |
| 0:50 | Wisp |
| 1:23 | Wisp |
| 1:23 | Wisp |
| 1:32 | Moon Well |
| 1:53 | Wisp |
| 2:07 | Wisp |
| 2:13 | Archer |
| 2:13 | Archer |
| 2:18 | Entangling Roots |
| 2:32 | Wisp |
| 2:33 | Archer |
| 2:39 | Moon Well |
| 3:39 | Tree of Ages |
| 3:40 | Archer |
| 3:40 | Archer |
| 3:47 | Hunter's Hall |
| 4:16 | Archer |
| 4:20 | Moon Well |
| 5:16 | Archer |
| 5:20 | Moon Well |
| 5:21 | Strength of the Moon |
| 5:29 | Thorns Aura |
| 6:10 | Moon Armor |
| 6:15 | Improved Bows |
| 6:19 | Ancient of Lore |
| 7:01 | Tree of Life |
| 7:38 | Dryad |
| 7:38 | Abolish Magic |
| 7:40 | Searing Arrows |
| 7:44 | Archer |
| 7:48 | Tree of Eternity |
| 8:13 | Dryad |
| 8:16 | Ancient of Lore |
| 9:05 | Dryad |
| 9:40 | Dryad |
| 9:44 | Archer |
| 9:46 | Wisp |
| 9:47 | Wisp |
| 9:47 | Wisp |
| 9:47 | Wisp |
| 11:14 | Ancient of Wonders |
| 11:15 | Reinforced Hides |
| 11:15 | Well Spring |
| 11:28 | Dryad |
| 11:30 | Druid of the Claw |
| 11:31 | Druid of the Claw Adept Training |
| 11:35 | Wisp |
| 12:12 | Marksmanship |
| 12:12 | Archer |
| 12:12 | Archer |
| 12:18 | Trueshot Aura |
| 12:42 | Hardened Skin |
| 12:42 | Resistant Skin |
| 12:48 | Wisp |
| 12:49 | Wisp |
| 12:49 | Wisp |
| 12:51 | Archer |
| 12:51 | Archer |
| 14:13 | Entangling Roots |
| 14:57 | Mountain Giant |
| 14:57 | Mountain Giant |
| 15:00 | Archer |
| 15:00 | Archer |
| 15:02 | Improved Reinforced Hides |
| 15:18 | Mountain Giant |
| 15:18 | Mountain Giant |
| 15:19 | Advanced Reinforced Hides |
| Right click | 858 |
| Select | 254 |
| Select group | 72 |
| Build/train/purchase | 70 |
| Assign group | 32 |
| Use ability | 27 |
| Chat | 25 |
| Misc. action | 4 |
| Minimap ping | 3 |

| Wisp | 13 | 780 | / | 0 |
| Archer | 11 | 1430 | / | 110 |
| Dryad | 7 | 1015 | / | 420 |
| Glaive Thrower | 4 | 840 | / | 260 |
| total: | 35 | 4065g | / | 790w |
| Ancient of War | 2 | 300 | / | 120 |
| Moon Well | 6 | 1080 | / | 240 |
| Altar of Elders | 1 | 180 | / | 50 |
| Hunter's Hall | 1 | 210 | / | 100 |
| Ancient of Wonders | 1 | 90 | / | 30 |
| Ancient of Lore | 2 | 310 | / | 290 |
| Tree of Ages | 1 | 320 | / | 180 |
| Tree of Eternity | 1 | 330 | / | 200 |
| total: | 13 | 2170g | / | 830w |
| 0:03 | Wisp |
| 0:04 | Wisp |
| 0:17 | Ancient of War |
| 0:20 | Moon Well |
| 0:20 | Wisp |
| 0:34 | Wisp |
| 0:48 | Wisp |
| 1:00 | Altar of Elders |
| 1:07 | Wisp |
| 1:20 | Wisp |
| 1:22 | Archer |
| 1:37 | Wisp |
| 1:49 | Moon Well |
| 1:55 | Archer |
| 2:31 | Black Arrow |
| 2:46 | Wisp |
| 2:46 | Wisp |
| 2:46 | Wisp |
| 2:49 | Archer |
| 3:05 | Archer |
| 3:18 | Archer |
| 3:30 | Archer |
| 3:41 | Tree of Ages |
| 3:45 | Hunter's Hall |
| 5:06 | Moon Well |
| 5:12 | Life Drain |
| 5:44 | Archer |
| 6:02 | Ancient of Lore |
| 6:03 | Ancient of Lore |
| 6:03 | Wisp |
| 6:04 | Wisp |
| 6:06 | Moon Well |
| 6:07 | Moon Well |
| 6:16 | Archer |
| 6:19 | Ancient of War |
| 6:22 | Strength of the Moon |
| 6:58 | Archer |
| 7:01 | Tree of Eternity |
| 8:03 | Dryad |
| 8:03 | Dryad |
| 8:11 | Archer |
| 8:13 | Improved Bows |
| 8:15 | Strength of the Wild |
| 8:32 | Dryad |
| 9:00 | Ancient of Wonders |
| 9:01 | Dryad |
| 9:36 | Dryad |
| 9:36 | Dryad |
| 9:38 | Improved Strength of the Wild |
| 10:22 | Black Arrow |
| 10:37 | Dryad |
| 10:38 | Archer |
| 10:49 | Glaive Thrower |
| 11:54 | Moon Well |
| 11:55 | Glaive Thrower |
| 12:19 | Glaive Thrower |
| 12:44 | Glaive Thrower |
| Right click | 1091 |
| Select | 260 |
| Select group | 255 |
| Assign group | 131 |
| Build/train/purchase | 59 |
| Misc. action | 41 |
| Use ability | 8 |
| Minimap ping | 5 |


| Scroll of Regeneration | 2 | 200 |
| Boots of Speed | 1 | 250 |
| Periapt of Vitality | 1 | 325 |
| total: | 4 | 775g |
| Peasant | 8 | 600 | / | 0 |
| Rifleman | 9 | 1845 | / | 270 |
| Mortar Team | 8 | 1440 | / | 560 |
| Siege Engine | 4 | 780 | / | 240 |
| Forest Troll Shadow Priest | 1 | 195 | / | 10 |
| total: | 30 | 4860g | / | 1080w |
| Altar of Kings | 1 | 180 | / | 50 |
| Farm | 10 | 800 | / | 200 |
| Blacksmith | 1 | 140 | / | 60 |
| Barracks | 1 | 160 | / | 60 |
| Arcane Vault | 1 | 130 | / | 30 |
| Lumber Mill | 1 | 120 | / | 0 |
| Workshop | 1 | 140 | / | 140 |
| Keep | 1 | 320 | / | 210 |
| Castle | 1 | 360 | / | 210 |
| total: | 16 | 1670g | / | 540w |
| 0:06 | Peasant |
| 0:06 | Peasant |
| 0:23 | Altar of Kings |
| 0:32 | Peasant |
| 0:32 | Peasant |
| 0:37 | Farm |
| 0:51 | Blacksmith |
| 1:01 | Barracks |
| 1:11 | Peasant |
| 1:19 | Farm |
| 1:55 | Farm |
| 1:57 | Peasant |
| 1:57 | Peasant |
| 2:14 | Rifleman |
| 2:20 | Peasant |
| 2:23 | Summon Water Elemental |
| 3:00 | Rifleman |
| 3:00 | Rifleman |
| 3:03 | Farm |
| 3:31 | Keep |
| 3:52 | Rifleman |
| 4:32 | Brilliance Aura |
| 4:48 | Arcane Vault |
| 4:51 | Rifleman |
| 4:51 | Rifleman |
| 4:53 | Farm |
| 5:07 | Black Gunpowder |
| 5:24 | Farm |
| 5:52 | Long Rifles |
| 6:02 | Farm |
| 6:07 | Scroll of Regeneration |
| 6:36 | Workshop |
| 6:47 | Rifleman |
| 6:50 | Farm |
| 7:24 | Forest Troll Shadow Priest |
| 7:30 | Storm Bolt |
| 7:38 | Rifleman |
| 7:42 | Farm |
| 8:02 | Rifleman |
| 8:12 | Refined Gunpowder |
| 8:31 | Bash |
| 8:34 | Summon Water Elemental |
| 8:52 | Castle |
| 9:56 | Boots of Speed |
| 10:06 | Periapt of Vitality |
| 10:45 | Mortar Team |
| 11:11 | Mortar Team |
| 11:26 | Mortar Team |
| 11:35 | Farm |
| 12:21 | Storm Bolt |
| 12:31 | Mortar Team |
| 12:31 | Mortar Team |
| 12:39 | Imbued Gunpowder |
| 12:56 | Fragmentation Shards |
| 13:18 | Scroll of Regeneration |
| 13:45 | Mortar Team |
| 14:18 | Mortar Team |
| 14:58 | Mortar Team |
| 15:47 | Brilliance Aura |
| 16:17 | Siege Engine |
| 16:17 | Siege Engine |
| 16:18 | Siege Engine |
| 17:50 | Siege Engine |
| 17:55 | Lumber Mill |
| Right click | 328 |
| Select | 222 |
| Select group | 170 |
| Build/train/purchase | 65 |
| Assign group | 14 |
| Misc. action | 13 |
| Use ability | 7 |
| Chat | 5 |
| Remove unit | 3 |
49 units @ 3.5k
/ 0k
154 buildings @ 9.3k
/ 4k



x1)
| Scroll of Regeneration | 4 | 400 |
| Mechanical Critter | 2 | 100 |
| Staff of Sanctuary | 2 | 500 |
| Boots of Speed | 3 | 750 |
| Staff of Teleportation | 3 | 450 |
| Tome of Retraining | 1 | 300 |
| Orb of Venom | 1 | 325 |
| total: | 16 | 2825g |
| Peasant | 14 | 1050 | / | 0 |
| Priest | 1 | 135 | / | 10 |
| total: | 15 | 1185g | / | 10w |
| Scout Tower | 28 | 840 | / | 560 |
| Arcane Tower | 2 | 140 | / | 100 |
| Guard Tower | 16 | 1120 | / | 800 |
| Altar of Kings | 1 | 180 | / | 50 |
| Farm | 5 | 400 | / | 100 |
| Lumber Mill | 1 | 120 | / | 0 |
| Arcane Vault | 1 | 130 | / | 30 |
| Arcane Sanctum | 1 | 150 | / | 140 |
| Keep | 1 | 320 | / | 210 |
| Castle | 1 | 360 | / | 210 |
| total: | 37 | 1820g | / | 880w |
| 0:01 | Peasant |
| 0:12 | Altar of Kings |
| 0:16 | Peasant |
| 0:29 | Peasant |
| 0:32 | Farm |
| 0:44 | Peasant |
| 0:54 | Lumber Mill |
| 0:55 | Peasant |
| 1:00 | Farm |
| 1:10 | Peasant |
| 1:26 | Peasant |
| 1:34 | Scout Tower |
| 1:35 | Peasant |
| 1:39 | Arcane Vault |
| 1:43 | Peasant |
| 1:52 | Scout Tower |
| 2:01 | Arcane Tower |
| 2:04 | Peasant |
| 2:12 | Summon Water Elemental |
| 2:18 | Peasant |
| 2:21 | Scout Tower |
| 2:28 | Peasant |
| 2:29 | Guard Tower |
| 2:30 | Scout Tower |
| 2:35 | Peasant |
| 2:35 | Peasant |
| 2:49 | Arcane Tower |
| 3:17 | Guard Tower |
| 3:18 | Scout Tower |
| 3:23 | Scroll of Regeneration |
| 3:25 | Mechanical Critter |
| 3:25 | Mechanical Critter |
| 3:34 | Keep |
| 3:50 | Boots of Speed |
| 3:51 | Staff of Teleportation |
| 3:55 | Guard Tower |
| 3:56 | Scout Tower |
| 4:49 | Scroll of Regeneration |
| 4:56 | Guard Tower |
| 4:57 | Scout Tower |
| 4:58 | Scout Tower |
| 5:51 | Farm |
| 5:54 | Improved Masonry |
| 5:59 | Guard Tower |
| 6:00 | Scout Tower |
| 6:13 | Improved Lumber Harvesting |
| 6:19 | Boots of Speed |
| 6:19 | Staff of Teleportation |
| 6:29 | Guard Tower |
| 6:30 | Scout Tower |
| 6:31 | Scout Tower |
| 7:03 | Brilliance Aura |
| 7:50 | Storm Bolt |
| 8:21 | Castle |
| 8:22 | Advanced Masonry |
| 8:24 | Arcane Sanctum |
| 8:26 | Guard Tower |
| 8:27 | Scout Tower |
| 8:27 | Scout Tower |
| 9:33 | Guard Tower |
| 9:36 | Scout Tower |
| 9:36 | Scout Tower |
| 9:43 | Scroll of Regeneration |
| 9:45 | Priest Adept Training |
| 9:49 | Farm |
| 10:41 | Guard Tower |
| 10:45 | Scout Tower |
| 10:45 | Scout Tower |
| 10:47 | Priest |
| 10:51 | Scroll of Regeneration |
| 11:22 | Farm |
| 11:24 | Guard Tower |
| 11:50 | Guard Tower |
| 11:51 | Scout Tower |
| 12:18 | Holy Light |
| 12:26 | Magic Sentry |
| 12:27 | Guard Tower |
| 12:28 | Scout Tower |
| 12:34 | Staff of Sanctuary |
| 12:56 | Guard Tower |
| 13:05 | Boots of Speed |
| 13:05 | Staff of Teleportation |
| 14:26 | Scout Tower |
| 14:26 | Scout Tower |
| 14:52 | Scout Tower |
| 14:53 | Scout Tower |
| 15:00 | Scout Tower |
| 15:09 | Bash |
| 15:40 | Guard Tower |
| 15:42 | Scout Tower |
| 16:02 | Brilliance Aura |
| 16:14 | Guard Tower |
| 16:39 | Scout Tower |
| 16:54 | Staff of Sanctuary |
| 16:57 | Orb of Venom |
| 17:49 | Guard Tower |
| 17:50 | Scout Tower |
| 17:52 | Scout Tower |
| 18:02 | Tome of Retraining |
| 18:02 | Retrain Hero |
| 18:03 | Blizzard |
| 18:03 | Blizzard |
| 18:04 | Brilliance Aura |
| Right click | 1331 |
| Select group | 667 |
| Assign group | 382 |
| Select | 227 |
| Build/train/purchase | 108 |
| Chat | 65 |
| Use ability | 52 |
| Resource trade | 28 |
| Misc. action | 13 |
| Item give/drop | 4 |



| Staff of Sanctuary | 4 | 1000 |
| Potion of Healing | 1 | 150 |
| Boots of Speed | 3 | 750 |
| Staff of Teleportation | 3 | 450 |
| Periapt of Vitality | 1 | 325 |
| Circlet of Nobility | 1 | 175 |
| Orb of Venom | 1 | 325 |
| total: | 14 | 3175g |
| Peasant | 16 | 1200 | / | 0 |
| Priest | 1 | 135 | / | 10 |
| total: | 17 | 1335g | / | 10w |
| Scout Tower | 86 | 2580 | / | 1720 |
| Arcane Tower | 8 | 560 | / | 400 |
| Guard Tower | 30 | 2100 | / | 1500 |
| Altar of Kings | 1 | 180 | / | 50 |
| Farm | 4 | 320 | / | 80 |
| Lumber Mill | 1 | 120 | / | 0 |
| Town Hall | 1 | 385 | / | 205 |
| Arcane Vault | 3 | 390 | / | 90 |
| Arcane Sanctum | 1 | 150 | / | 140 |
| Keep | 1 | 320 | / | 210 |
| Castle | 1 | 360 | / | 210 |
| total: | 97 | 4125g | / | 2285w |
| 0:01 | Peasant |
| 0:01 | Peasant |
| 0:06 | Altar of Kings |
| 0:08 | Peasant |
| 0:17 | Farm |
| 0:20 | Peasant |
| 0:27 | Peasant |
| 0:40 | Farm |
| 0:49 | Peasant |
| 1:00 | Scout Tower |
| 1:03 | Lumber Mill |
| 1:13 | Peasant |
| 1:24 | Scout Tower |
| 1:29 | Peasant |
| 1:45 | Peasant |
| 1:50 | Scout Tower |
| 1:57 | Arcane Tower |
| 1:58 | Scout Tower |
| 2:01 | Peasant |
| 2:05 | Blizzard |
| 2:11 | Guard Tower |
| 2:13 | Scout Tower |
| 2:13 | Peasant |
| 2:14 | Peasant |
| 2:21 | Arcane Tower |
| 2:22 | Scout Tower |
| 2:33 | Scout Tower |
| 2:35 | Scout Tower |
| 2:44 | Scout Tower |
| 2:48 | Scout Tower |
| 2:48 | Scout Tower |
| 2:49 | Guard Tower |
| 3:08 | Guard Tower |
| 3:32 | Guard Tower |
| 3:34 | Guard Tower |
| 3:35 | Guard Tower |
| 3:36 | Guard Tower |
| 3:37 | Scout Tower |
| 3:38 | Scout Tower |
| 3:43 | Scout Tower |
| 3:46 | Scout Tower |
| 3:48 | Peasant |
| 3:49 | Peasant |
| 3:57 | Guard Tower |
| 4:18 | Boots of Speed |
| 4:18 | Staff of Teleportation |
| 4:34 | Guard Tower |
| 4:35 | Guard Tower |
| 4:54 | Keep |
| 4:56 | Scout Tower |
| 4:57 | Scout Tower |
| 4:57 | Scout Tower |
| 4:58 | Scout Tower |
| 5:02 | Guard Tower |
| 5:08 | Farm |
| 5:10 | Farm |
| 5:19 | Brilliance Aura |
| 5:24 | Improved Masonry |
| 5:25 | Guard Tower |
| 5:26 | Scout Tower |
| 5:26 | Scout Tower |
| 5:27 | Scout Tower |
| 5:27 | Scout Tower |
| 5:28 | Scout Tower |
| 5:28 | Scout Tower |
| 5:35 | Arcane Tower |
| 5:36 | Guard Tower |
| 5:57 | Guard Tower |
| 6:01 | Scout Tower |
| 6:01 | Scout Tower |
| 6:02 | Scout Tower |
| 6:02 | Scout Tower |
| 6:11 | Guard Tower |
| 6:46 | Town Hall |
| 6:49 | Scout Tower |
| 6:49 | Scout Tower |
| 6:50 | Scout Tower |
| 6:50 | Scout Tower |
| 6:51 | Scout Tower |
| 6:51 | Scout Tower |
| 6:52 | Scout Tower |
| 6:52 | Scout Tower |
| 6:53 | Scout Tower |
| 6:53 | Scout Tower |
| 6:54 | Scout Tower |
| 6:54 | Scout Tower |
| 6:55 | Scout Tower |
| 6:55 | Scout Tower |
| 7:00 | Scout Tower |
| 7:01 | Scout Tower |
| 7:02 | Scout Tower |
| 7:03 | Scout Tower |
| 7:38 | Guard Tower |
| 7:39 | Guard Tower |
| 7:39 | Guard Tower |
| 8:24 | Guard Tower |
| 8:26 | Scout Tower |
| 8:26 | Scout Tower |
| 8:27 | Scout Tower |
| 8:27 | Scout Tower |
| 8:28 | Scout Tower |
| 8:29 | Scout Tower |
| 8:29 | Scout Tower |
| 8:30 | Scout Tower |
| 8:30 | Scout Tower |
| 8:31 | Scout Tower |
| 8:53 | Storm Bolt |
| 9:23 | Castle |
| 9:31 | Guard Tower |
| 9:41 | Arcane Vault |
| 9:42 | Guard Tower |
| 9:49 | Peasant |
| 10:39 | Arcane Tower |
| 10:48 | Scout Tower |
| 10:49 | Scout Tower |
| 10:51 | Scout Tower |
| 10:52 | Scout Tower |
| 10:52 | Scout Tower |
| 10:53 | Scout Tower |
| 10:57 | Arcane Sanctum |
| 10:59 | Guard Tower |
| 11:04 | Arcane Vault |
| 11:24 | Advanced Masonry |
| 11:28 | Boots of Speed |
| 11:49 | Arcane Tower |
| 11:56 | Priest |
| 11:57 | Magic Sentry |
| 11:59 | Priest Adept Training |
| 12:03 | Arcane Tower |
| 12:04 | Arcane Tower |
| 12:04 | Guard Tower |
| 12:14 | Arcane Tower |
| 12:18 | Staff of Teleportation |
| 12:26 | Staff of Sanctuary |
| 12:26 | Staff of Sanctuary |
| 13:03 | Guard Tower |
| 13:25 | Peasant |
| 13:27 | Arcane Vault |
| 14:06 | Blizzard |
| 14:46 | Staff of Sanctuary |
| 15:11 | Orb of Venom |
| 15:14 | Holy Light |
| 15:37 | Staff of Sanctuary |
| 15:53 | Boots of Speed |
| 16:05 | Potion of Healing |
| 16:34 | Staff of Teleportation |
| 16:34 | Periapt of Vitality |
| 16:34 | Circlet of Nobility |
| 16:55 | Scout Tower |
| 16:59 | Scout Tower |
| 16:59 | Scout Tower |
| 17:00 | Scout Tower |
| 17:00 | Scout Tower |
| 17:05 | Scout Tower |
| 17:05 | Scout Tower |
| 17:06 | Scout Tower |
| 17:06 | Scout Tower |
| 17:07 | Scout Tower |
| 17:07 | Scout Tower |
| 17:08 | Scout Tower |
| 17:08 | Scout Tower |
| 17:08 | Scout Tower |
| 17:09 | Scout Tower |
| 17:09 | Scout Tower |
| 17:09 | Scout Tower |
| 17:11 | Scout Tower |
| 17:11 | Scout Tower |
| 17:12 | Scout Tower |
| 17:12 | Scout Tower |
| 17:13 | Scout Tower |
| 17:14 | Scout Tower |
| 18:13 | Bash |
| Right click | 2015 |
| Select | 558 |
| Build/train/purchase | 131 |
| Select group | 104 |
| Use ability | 59 |
| Chat | 57 |
| Resource trade | 22 |
| Assign group | 11 |
| Misc. action | 8 |
| Item give/drop | 5 |
| Minimap ping | 1 |



| Orb of Venom | 2 | 650 |
| Staff of Teleportation | 3 | 450 |
| Boots of Speed | 3 | 750 |
| Periapt of Vitality | 2 | 650 |
| Circlet of Nobility | 3 | 525 |
| Staff of Sanctuary | 2 | 500 |
| total: | 15 | 3525g |
| Wisp | 17 | 1020 | / | 0 |
| total: | 17 | 1020g | / | 0w |
| Altar of Elders | 1 | 180 | / | 50 |
| Moon Well | 15 | 2700 | / | 600 |
| Hunter's Hall | 1 | 210 | / | 100 |
| Ancient of Wonders | 3 | 270 | / | 90 |
| Tree of Ages | 1 | 320 | / | 180 |
| Tree of Eternity | 1 | 330 | / | 200 |
| total: | 20 | 3360g | / | 840w |
| 0:03 | Wisp |
| 0:04 | Wisp |
| 0:05 | Altar of Elders |
| 0:08 | Moon Well |
| 0:17 | Wisp |
| 0:26 | Wisp |
| 0:43 | Wisp |
| 1:00 | Wisp |
| 1:01 | Wisp |
| 1:09 | Wisp |
| 1:09 | Wisp |
| 1:17 | Moon Well |
| 1:32 | Wisp |
| 1:32 | Wisp |
| 1:32 | Wisp |
| 1:57 | Wisp |
| 1:57 | Wisp |
| 2:06 | Entangling Roots |
| 2:40 | Wisp |
| 3:41 | Tree of Ages |
| 4:35 | Staff of Teleportation |
| 4:35 | Boots of Speed |
| 5:31 | Thorns Aura |
| 6:02 | Tree of Eternity |
| 6:30 | Frost Arrows |
| 6:49 | Staff of Teleportation |
| 6:52 | Boots of Speed |
| 8:24 | Hunter's Hall |
| 9:07 | Ancient of Wonders |
| 9:09 | Moon Well |
| 9:49 | Periapt of Vitality |
| 9:53 | Circlet of Nobility |
| 10:36 | Well Spring |
| 10:37 | Ultravision |
| 10:49 | Silence |
| 10:52 | Orb of Venom |
| 11:34 | Entangling Roots |
| 11:51 | Staff of Sanctuary |
| 12:04 | Wisp |
| 12:05 | Wisp |
| 12:09 | Moon Well |
| 12:10 | Moon Well |
| 12:20 | Moon Well |
| 12:23 | Moon Well |
| 13:02 | Orb of Venom |
| 13:11 | Ancient of Wonders |
| 13:15 | Circlet of Nobility |
| 13:31 | Boots of Speed |
| 14:32 | Staff of Sanctuary |
| 14:39 | Moon Well |
| 14:40 | Moon Well |
| 14:44 | Ancient of Wonders |
| 15:12 | Periapt of Vitality |
| 15:13 | Staff of Teleportation |
| 15:21 | Circlet of Nobility |
| 15:43 | Mana Shield |
| 16:51 | Moon Well |
| 16:52 | Moon Well |
| 16:53 | Moon Well |
| 16:54 | Moon Well |
| 16:59 | Moon Well |
| 16:59 | Moon Well |
| 17:42 | Life Drain |
| Right click | 1635 |
| Select group | 830 |
| Select | 131 |
| Resource trade | 104 |
| Build/train/purchase | 90 |
| Use ability | 52 |
| Misc. action | 31 |
| Chat | 22 |
| Assign group | 6 |
| Minimap ping | 5 |
| Item give/drop | 1 |
| Esc | 1 |
⇛